Match 46683419
Unlisted

Match 46683419
End
Kradschützen Motorcycle Team
Selects Italian Combined Arms Battlegroup
Selects Italian Combined Arms Battlegroup
Selects Bersaglieri Squad
Bersaglieri Squad
250 Light Carrier
Bersaglieri Squad
Construct Light Support Kompanie
Combat Half-tracks
Fire Support Elements
Selects Bersaglieri Bolster
Flakvierling Half-track
水银灯
[PBS] Sigizmund
MG42
76561199424265209
Squirtle
insanepiglet
한국사람
jaws2005
0
0

Comments sign in to comment!

No comments posted yet!